 Dungeon Crawl Stone Soup version 0.31.0-12-g77e489cdc1 (webtiles) character file.

Game seed: 3921020697079647320

38 Silvore the Trooper (level 3, -3/29 HPs)
             Began as a Demonspawn Fighter on Feb 15, 2024.
             Slain by a gnoll
             ... wielding a +0 halberd
              (9 damage)
             ... on level 2 of the Dungeon.
             The game lasted 00:00:57 (795 turns).

Silvore the Trooper (Demonspawn Fighter)             Turns: 795, Time: 00:00:57

Health: -3/29      AC:  6    Str: 18    XL:     3   Next: 25%
Magic:  3/3        EV:  9    Int:  8    God:
Gold:   58         SH:  4    Dex: 12    Spells: 2/2 levels left

rFire   . . .        a - +0 long sword
rCold   . . .        c - +0 buckler
rNeg    . . .        b - +0 scale mail
rPois   .            (no helmet)
rElec   .            (no cloak)
rCorr   .            (no gloves)
SInv    .            (no boots)
Will    .....        (no amulet) Stlth
                     (no ring)
HPRegen 0.24/turn    (no ring)
MPRegen 0.08/turn

%: no passive effects
@: no status effects
A: powered by death 1, weakness stinger 1
a: no special abilities


You were on level 2 of the Dungeon.
You visited 1 branch of the dungeon, and saw 2 of its levels.

You collected 58 gold pieces.

Inventory:

Hand Weapons
 a - a +0 long sword (weapon)
Armour
 b - a +0 scale mail (worn)
 c - a +0 buckler (worn)
Scrolls
 j - a scroll of identify
Potions
 d - a potion of might
 f - a potion of curing
 k - a potion of magic {unknown}


   Skills:
 + Level 3.3 Fighting
 + Level 2.2 Long Blades
 + Level 3.1 Armour
 + Level 0.2 Dodging
 + Level 3.0 Shields


You had 2 spell levels left.
You didn't know any spells.
Your spell library was empty.

Dungeon Overview and Level Annotations

Branches:
Dungeon (2/15)

Altars:


Innate Abilities, Weirdness & Mutations

You regenerate a little health from kills.
You have a small tail.


Message History

Increase (S)trength, (I)ntelligence, or (D)exterity?
You feel stronger. x2; Your demonic ancestry asserts itself...
You grow a small tail.
You start resting.
HP restored.
You climb downwards.
The kobold hits you but does no damage.
There is a stone staircase leading up, spattered with blood here.
The gnoll closely misses you. You block the kobold's attack.
The gnoll hits you from afar with a +0 spear.
You climb upwards.
There is a stone staircase leading down here.
You hit the kobold.
You kill the kobold!
Things that are here:
a +0 club; a kobold corpse
There is a stone staircase leading down here.
You start resting.
HP restored.
You climb downwards.
The gnoll hits you from afar with a +0 halberd.
The gnoll barely misses you.
There is a stone staircase leading up, spattered with blood here.
You block the gnoll's attack.
The gnoll hits you from afar with a +0 spear.
You climb upwards.
There is a stone staircase leading down here.
You climb downwards.
There is a stone staircase leading up, spattered with blood here.
The gnoll hits you with a +0 halberd! The gnoll hits you with a +0 spear.
You hit the gnoll.
The gnoll is moderately wounded.
The gnoll hits you but does no damage. The gnoll hits you with a +0 spear.
* * * LOW HITPOINT WARNING * * *
The gnoll barely misses you. The gnoll hits you with a +0 spear.
* * * LOW HITPOINT WARNING * * *
You hit the gnoll but do no damage.
You tail-slap the gnoll, but do no damage.
The gnoll is moderately wounded.
The gnoll hits you with a +0 halberd!
You die...

# #. ###.####
.$.....########
#..<.......
#.#.....####.
#...@...#
###.gg..#
#?....# ...####
#####


You could see 2 gnolls.

Vanquished Creatures
  A gnoll (D:1)
  2 dart slugs (D:1)
  5 endoplasms (D:1)
  A goblin (D:1)
  2 hobgoblins (D:1)
  3 jackals (D:1)
  3 ball pythons (D:1)
  2 frilled lizards (D:1)
  3 kobolds (D:1)
  A rat (D:1)
23 creatures vanquished.

Notes
Turn   | Place    | Note
-------+----------+-------------------------------------------
     0 | D:1      | Silvore the Demonspawn Fighter began the quest for the Orb.
     0 | D:1      | Reached XP level 1. HP: 18/18 MP: 1/1
   230 | D:1      | Gained mutation: You regenerate a little health from kills.
                  | [demonic ancestry]
   230 | D:1      | Reached XP level 2. HP: 24/24 MP: 2/2
   732 | D:1      | Gained mutation: You have a small tail. [demonic ancestry]
   732 | D:1      | Reached XP level 3. HP: 16/29 MP: 3/3
   795 | D:2      | Slain by a gnoll

Illustrated notes

Levels and vault maps discovered:
D:1:      evilmike_arrival_rings, layout_loops_ring
D:2:      layout_loops_cross, minmay_indecisive_spiral, uniq_natasha

Skill      XL: |  1  2 |
---------------+-------+-----
Armour         | 3 |  3.1
Long Blades    | 2 |  2.2
Shields        | 3 |  3.0
Fighting       | |  3.3
Dodging        | |  0.2

Action                     || total
---------------------------++-------
  Melee: Long sword        ||    82
         Tailslap          ||     1
    Use: Scroll            ||     5
 Armour: Scale mail        ||    72
  Dodge: Dodged            ||    32
  Block: Buckler           ||    19
